 Dungeon Crawl Stone Soup version 0.31.0-32-g396128a36d (webtiles) character file.

Game seed: 14379758974445674413

769 mainiacjoe the Slicer (level 8, -5/38 (54) HPs)
             Began as a Djinni Reaver on Mar 11, 2024.
             Slain by a lemure (7 damage)
             ... led by Pikel
             ... on level 4 of the Dungeon.
             The game lasted 00:13:27 (3793 turns).

mainiacjoe the Slicer (Djinni Reaver)               Turns: 3793, Time: 00:13:28

HP:   -5/38 (54)    AC:  5    Str: 11    XL:     8   Next: 9%
Gold: 337           EV: 11    Int: 16    God:
                    SH:  0    Dex: 13

rFire   + + .        a - +0 rapier
rCold   x . .        (no shield)
rNeg    . . .        b - +0 leather armour
rPois   ∞            n - +1 helmet
rElec   .            (no cloak)
rCorr   .            (no gloves)
SInv    .            (boots unavailable)
Will    .....        k - amulet of regeneration
Stlth   +            (no ring)
HPRegen 1.06/turn    (no ring)
MPRegen 0.00/turn

%: infuse magic (-6 HP)
@: immotile, flying, studying Short Blades, very heavily drained, invisible
A: sickness immunity, fire resistance 2, cold vulnerability 1, float, innate
caster, HP casting, extra vitality 1
a: no special abilities


You were on level 4 of the Dungeon.
You visited 2 branches of the dungeon, and saw 5 of its levels.

You collected 337 gold pieces.

Inventory:

Hand Weapons
 a - a +0 rapier (weapon)
 e - a +0 mace
 p - a +0 short sword
Missiles
 d - 59 stones
 m - 4 poisoned darts
 r - a throwing net {=F}
Armour
 b - a +0 leather armour (worn)
 c - a +0 ring mail
 n - a +1 helmet (worn)
Jewellery
 k - an amulet of regeneration (around neck)
 s - a ring of fire
Talismans
 x - a maw talisman
Wands
 w - a wand of charming (2)
Scrolls
 g - 3 scrolls of blinking
 j - a scroll of fear
 l - 3 scrolls of teleportation
 u - a scroll of vulnerability
Potions
 f - 2 potions of curing {unknown}
 h - 2 potions of heal wounds {unknown}
 i - 2 potions of attraction {unknown}
 o - a potion of invisibility
 q - a potion of resistance {unknown}
 t - a potion of magic {unknown}
 v - a potion of degeneration {unknown}


   Skills:
 - Level 2.0 Fighting
 * Level 8.2 Short Blades
 - Level 2.7 Maces & Flails
 - Level 2.1 Dodging
 + Level 5.0 Spellcasting
 + Level 5.0 Conjurations
 + Level 5.0 Hexes
 + Level 5.0 Summonings
 + Level 5.0 Necromancy
 + Level 5.0 Translocations
 + Level 5.0 Fire Magic
 + Level 5.0 Ice Magic
 + Level 5.0 Air Magic
 + Level 5.0 Earth Magic
 + Level 5.0 Alchemy


You knew the following spells:

 Your Spells              Type           Power      Damage    Failure   Level
a - Momentum Strike       Conj/Tloc      40%        3d9       3%          2
b - Necrotise             Necr           80%        1d8       2%          1
c - Hailstorm             Conj/Ice       20%        3d7       8%          3
d - Lesser Beckoning      Tloc           40%        N/A       3%          2
e - Volatile Blastmotes   Fire/Tloc      40%        2d13      8%          3
k - Kiss of Death         Conj/Necr      80%        2d11      2%          1
Your spell library was empty.

Dungeon Overview and Level Annotations

Branches:
Dungeon (4/15)             Temple (1/1) D:4

Altars:
Cheibriados
Elyvilon
Gozag
Hepliaklqana
Nemelex Xobeh
Okawaru
Ru
Uskayaw
Xom
Yredelemnul
The Shining One

Shops:
D:4 :

Annotations:
D:1 1 transporter
D:4 2 runed translucent doors, Pikel; patfeehan111222's ghost, amateur MiBe


Innate Abilities, Weirdness & Mutations

You are immune to sickness and miasma.
You are immune to poison.
Your flesh is very heat resistant. (rF++)
You are vulnerable to cold. (rC-)
You float through the air rather than walking.
You learn spells naturally, not from books.
Your magical power is your life essence.
You have superior vitality. (+4 MHP)


Message History

Casting: Kiss of Death (safe; 2% risk of failure)
Confirm with . or Enter, or press ? or * to list all spells.
Aiming: Momentum Strike (safe; 3% risk of failure)
Press: ? - help, Dir - move target, f/p - Pikel
Aim: Pikel, wielding a +1 whip of electrocution and wearing a +0 robe (heavily wounded, lightly drained, 64% to hit)
The concentrated momentum hits Pikel!
Pikel is almost dead.
You are unable to move.
A lemure comes into view.
Pikel hits you with a +1 whip of electrocution.
The lemure misses you.
You hit Pikel.
Pikel is almost dead.
A lemure comes into view.
Pikel hits you but does no damage. The lemure closely misses you.
You closely miss Pikel.
Pikel is almost dead.
Pikel hits you with a +1 whip of electrocution.
The lemure misses you.
You hit Pikel.
Pikel is almost dead.
Pikel hits you but does no damage. The lemure hits you.
You hit Pikel but do no damage.
Pikel is almost dead.
You hit Pikel.
Pikel is almost dead.
Pikel barely misses you. The lemure hits you.
You closely miss Pikel.
Pikel is almost dead.
Pikel hits you with a +1 whip of electrocution.
You are electrocuted!!
* * * LOW HITPOINT WARNING * * *
The lemure hits you.
* * * LOW HITPOINT WARNING * * *
Okay, then.
Okay, then.
It was a potion of invisibility.
You fade into invisibility!
Pikel closely misses you. The lemure hits you!
You die...

# # ### ..###### ###
........ .5 .....#
#5 .....########
#5##########
#>..........#
#K@........#
#.##.######.#
##########.# #.##.##
#.# #.# #.#...## #.#
#.# ....#..# #.# #.#
#.#....# #.# #.#
#.##...# #.# #.#
...#...# #.# #.#
.......####.########
#.#


You could see Pikel (unable to see you, drained) and 3 lemures.

Vanquished Creatures
  Grinder (D:3)
  Edmund (D:4)
  A water moccasin (D:3)
  A lemure (D:4)
  An orc priest (D:4)
  A hound (D:4)
  Terence (D:2)
  2 orc wizards (D:4)
  7 gnolls
  7 adders
  A dart slug (D:4)
  2 ribbon worms
  4 orcs
  7 bats
  11 endoplasms
  2 giant cockroaches
  7 goblins
  7 hobgoblins
  10 jackals
  3 quokkas
  7 ball pythons
  5 frilled lizards
  6 kobolds
  9 rats
104 creatures vanquished.

Notes
Turn   | Place    | Note
-------+----------+-------------------------------------------
     0 | D:1      | mainiacjoe the Djinni Reaver began the quest for the Orb.
     0 | D:1      | mainiacjoe set off with the following spells memorised:
                  | Kiss of Death, Momentum Strike, Hailstorm.
     0 | D:1      | Reached XP level 1. HP: 18/18 MP: 0/0
   218 | D:1      | Reached XP level 2. HP: 20/23 MP: 0/0
   631 | D:1      | Reached XP level 3. HP: 28/28 MP: 0/0
   631 | D:1      | Learned a level 1 spell: Necrotise
  1155 | D:2      | Reached skill level 1 in Short Blades
  1237 | D:2      | Reached XP level 4. HP: 26/33 MP: 0/0
  1300 | D:2      | Reached skill level 2 in Short Blades
  1759 | D:2      | Noticed Terence
  1776 | D:2      | Reached skill level 3 in Short Blades
  1776 | D:2      | Reached XP level 5. HP: 38/38 MP: 0/0
  1776 | D:2      | Learned a level 2 spell: Lesser Beckoning
  1789 | D:2      | Killed Terence
  1972 | D:3      | Noticed a water moccasin
  1976 | D:3      | Killed a water moccasin
  1977 | D:3      | Reached skill level 4 in Short Blades
  1977 | D:3      | Reached XP level 6. HP: 40/43 MP: 0/0
  2038 | D:3      | Reached skill level 5 in Short Blades
  2235 | D:3      | Noticed Grinder
  2255 | D:3      | Killed Grinder
  2256 | D:3      | Reached skill level 6 in Short Blades
  2256 | D:3      | Reached XP level 7. HP: 38/49 MP: 0/0
  2256 | D:3      | Learned a level 3 spell: Volatile Blastmotes
  2471 | D:3      | Found a sacrificial altar of Ru.
  2657 | D:3      | Found a basalt altar of Yredelemnul.
  2657 | D:3      | Found a hazy altar of Hepliaklqana.
  2770 | D:4      | Noticed Edmund
  2783 | D:4      | Reached skill level 7 in Short Blades
  2795 | D:4      | Killed Edmund
  2826 | D:4      | Found a staircase to the Ecumenical Temple.
  2840 | Temple   | Entered the Ecumenical Temple
  2850 | D:4      | Found a sparkling altar of Nemelex Xobeh.
  3194 | D:4      | Found Wogaur's Tremendous Tomes.
  3222 | D:4      | Found a large runed translucent door.
  3222 | D:4      | Found a large runed translucent door.
  3225 | D:4      | Noticed patfeehan111222's ghost (amateur MiBe)
  3387 | D:4      | Reached skill level 8 in Short Blades
  3387 | D:4      | Reached XP level 8. HP: 41/54 MP: 0/0
  3399 | D:4      | Reached skill level 5 in Spellcasting
  3399 | D:4      | Reached skill level 5 in Conjurations
  3399 | D:4      | Reached skill level 5 in Hexes
  3399 | D:4      | Reached skill level 5 in Summonings
  3399 | D:4      | Reached skill level 5 in Necromancy
  3399 | D:4      | Reached skill level 5 in Translocations
  3399 | D:4      | Reached skill level 5 in Fire Magic
  3399 | D:4      | Reached skill level 5 in Ice Magic
  3399 | D:4      | Reached skill level 5 in Air Magic
  3399 | D:4      | Reached skill level 5 in Earth Magic
  3399 | D:4      | Reached skill level 5 in Alchemy
  3782 | D:4      | Noticed Pikel
  3792 | D:4      | HP: 1/38 [lemure[Pikel] (2)]
  3793 | D:4      | Slain by a lemure

Illustrated notes

Levels and vault maps discovered:
D:1:      spicycebolla_arrival_risky_transporter, layout_loops_cross,
          minmay_crystal_room
D:2:      layout_loops_ring, hangedman_decor_push, minivault_11,
          minmay_joined_circles, uniq_terence
D:3:      layout_loops_ring, nicolae_ru_awakened_eye,
          amethyst_overflow_temple_binary, uniq_grinder
D:4:      layout_loops_ring, lemuel_crystal_altar,
          minmay_temple_entry_mini_moons, ebering_ghost_disaster_area,
          nicolae_shop_i_like_big_books, uniq_pikel, uniq_edmund
Temple:   hellmonk_temple_of_storms

Skill      XL: |  1  2  3  4  5  6  7  8 |
---------------+-------------------------+-----
Spellcasting   | 3 4 5 |  5.0
Conjurations   | 3 4 5 |  5.0
Hexes          | 3 4 5 |  5.0
Summonings     | 3 4 5 |  5.0
Necromancy     | 3 4 5 |  5.0
Translocations | 3 4 5 |  5.0
Fire Magic     | 3 4 5 |  5.0
Ice Magic      | 3 4 5 |  5.0
Air Magic      | 3 4 5 |  5.0
Earth Magic    | 3 4 5 |  5.0
Alchemy        | 3 4 5 |  5.0
Short Blades   | 1 3 4 6 8 |  8.2
Fighting       | |  2.0
Maces & Flails | |  2.7
Dodging        | |  2.1

Action                     |  1- 3 |  4- 6 |  7- 9 || total
---------------------------+-------+-------+-------++-------
  Melee: Mace              |   103 |    18 |       ||   121
         Punch             |     1 |       |     6 ||     7
         Rapier            |       |    88 |   168 ||   256
  Throw: Stone             |       |     1 |       ||     1
   Cast: Momentum Strike   |     1 |     7 |     6 ||    14
         Necrotise         |       |     9 |     2 ||    11
         Hailstorm         |       |     5 |     6 ||    11
         Lesser Beckoning  |       |     1 |       ||     1
         Kiss of Death     |       |       |     3 ||     3
    Use: Scroll            |     6 |     2 |     2 ||    10
         Potion            |       |       |     1 ||     1
   Stab: Sleeping          |       |     1 |       ||     1
 Armour: Ring mail         |    86 |    56 |       ||   142
         Leather armour    |       |    21 |    85 ||   106
  Dodge: Dodged            |    64 |    64 |    93 ||   221
